 Dungeon Sprint DCSS version 0.16.2-12-gd0ad4c3 (webtiles) character file.

0 musteatbrain the Skirmisher (level 3, 0/49 HPs)
             Began as a Demonspawn Berserker on Oct 15, 2015.
             Was a Believer of Trog.
             Killed from afar by an orc wizard (5 damage)
             ... with a magic dart
             ... in the Dungeon (Sprint VI: "Thunderdome").
             The game lasted 00:02:43 (123 turns).

musteatbrain the Skirmisher (Demonspawn Berserker)   Turns: 123, Time: 00:02:44

Health: 0/49       AC:  3    Str: 25    XL:     3   Next: 92%
Magic:  3/3        EV: 14    Int:  3    God:    Trog [**....]
Gold:   20         SH:  0    Dex: 23    Spells: 0 memorised, 2 levels left

rFire  + . .     SeeInvis .     a - +0 hand axe
rCold  . . .     Clarity  .     b - +0 animal skin
rNeg   + . .     SustAb   .     (no shield)
rPois  .         Gourm    .     (no helmet)
rElec  +         Spirit   .     (no cloak)
rCorr  .         Warding  .     (no gloves)
rMut   .         NoTele   +     (no boots)
MR     ++...                    p - amulet of Kubeewnu {Faith rN+ MP+9 Int-2 Dex+4 Stlth+}
Stlth  ..........               o - ring of Fiapleyv {+Inv Dex+3}
                                n - ring "Grabbyit" {rElec rF+ MP-9 Str+3 Int-3 Dex+3}

@: berserking, regenerating, slowed, very resistant to hostile enchantments,
extremely unstealthy
A: rugged brown scales 1, powered by death 1
a: Burn Spellbooks, Berserk, Trog's Hand, Renounce Religion, Evoke Invisibility


You were in the Dungeon.
You worshipped Trog.
Trog was pleased with you.
You were not hungry.

You visited 1 branch You collected 200 gold pieces.
You spent 180 gold pieces at shops.

Inventory:

Hand weapons
 a - a +0 hand axe (weapon)
Armour
 b - a +0 animal skin (worn)
Jewellery
 n - the ring "Grabbyit" (left hand) {rElec rF+ MP-9 Str+3 Int-3 Dex+3}
   (You bought it in a shop in the Dungeon)

   [ring of strength]

   It affects your strength (+3).
   It affects your intelligence (-3).
   It affects your dexterity (+3).
   It protects you from fire.
   It insulates you from electricity.
   It affects your magic capacity (-9).
 o - the ring of Fiapleyv (right hand) {+Inv Dex+3}
   (You bought it in a shop in the Dungeon)

   [ring of invisibility]

   It affects your dexterity (+3).
   It lets you turn invisible.
 p - the amulet of Kubeewnu (around neck) {Faith rN+ MP+9 Int-2 Dex+4 Stlth+}
   (You bought it in a shop in the Dungeon)

   [amulet of faith]

   It allows you to gain divine favour quickly.
   It affects your intelligence (-2).
   It affects your dexterity (+4).
   It protects you from negative energy.
   It affects your magic capacity (+9).
   It makes you more stealthy.
Magical devices
 k - a wand of cold (5)
 l - a wand of fire (5)
 q - a wand of teleportation (6)
Scrolls
 i - 4 scrolls of blinking
 m - 3 scrolls of fog
Potions
 d - a potion of curing
 e - 4 potions of heal wounds
 f - 4 potions of haste
 g - 2 potions of magic
 h - a potion of berserk rage
 j - 2 potions of resistance
Comestibles
 c - a bread ration


   Skills:
 + Level 5.6 Fighting
 + Level 5.1 Axes
 + Level 2.8 Armour
 + Level 2.8 Dodging


You had 2 spell levels left.
You didn't know any spells.

Dungeon Overview and Level Annotations

Branches:
Dungeon (1/1)

Altars:
Dithmenos
Fedhas
Gozag
Kikubaaqudgha
Okawaru
Sif Muna
Trog
Yredelemnul
Lugonu

Shops:
D *[%?


Innate Abilities, Weirdness & Mutations

You are partially covered in rugged brown scales (AC +1, +3% HP).
You can steal the life force of nearby defeated enemies.


Message History

The orc wizard blinks!
Use which ability? (? or * to list)
A red film seems to cover your vision as you go berserk!
You feel yourself moving faster!
You feel mighty!
You feel somewhat more hungry.
The orc wizard gestures at you while chanting.
The magic dart hits you!
* * * LOW HITPOINT WARNING * * *
The orc hits you with a club.
* * * LOW HITPOINT WARNING * * *
You are too berserk!
You feel a strong urge to attack something.
The orc wizard hits you but does no damage.
You barely miss the orc wizard.
The orc wizard is severely wounded.
You slash the orc!
The orc is almost dead.
The orc wizard casts a spell at you. The magic dart hits you!
You die...

##.... . #⌠..... ..
######.8.... ..8.
##∩___......# ....
###∩"..)....8.# .8..
##.............###..
#⌠..........###...#
#⌠..........# #.<.#
#⌠....@o....###...#
##...o.........###.....
###∩).......8.# .8...
##∩___......# ....
######.8...... ..8.
#⌠........ ..
###....... . #_......
#_.....


You could see an orc wizard and an orc.

Vanquished Creatures
  Blork the orc (D)
  An orc (D)
2 creatures vanquished.

Notes
Turn   | Place    | Note
--------------------------------------------------------------
     0 | D        | musteatbrain, the Demonspawn Berserker, began the quest for the Orb.
     0 | D        | Reached XP level 1. HP: 18/18 MP: 1/1
     1 | D        | Found an ancient bone altar of Kikubaaqudgha.
     1 | D        | Found a shadowy altar of Dithmenos.
     2 | D        | Found an iron altar of Okawaru.
     2 | D        | Found a blossoming altar of Fedhas.
     3 | D        | Found a bloodstained altar of Trog.
     4 | D        | Found Mizim's Advanced Armour.
     4 | D        | Found Shrya's Identification Station.
     4 | D        | Found a corrupted altar of Lugonu.
     4 | D        | Found an opulent altar of Gozag.
     5 | D        | Found a basalt altar of Yredelemnul.
     5 | D        | Round 1.
     6 | D        | Found Ciro's Jewellery.
     6 | D        | Found Zuimamy's Bee Food.
    22 | D        | Bought a heavily runed bronze ring for 45 gold pieces
    22 | D        | Bought a heavily runed golden ring for 45 gold pieces
    22 | D        | Bought a vibrating crystal amulet for 45 gold pieces
    22 | D        | Identified the ring "Grabbyit" {rElec rF+ MP-9 Str+3 Int-3 Dex+3} (You bought it in a shop in the Dungeon)
    23 | D        | Identified the ring of Fiapleyv {+Inv Dex+3} (You bought it in a shop in the Dungeon)
    24 | D        | Identified the amulet of Rosyghie {rMut rF+} (You bought it in a shop in the Dungeon)
    28 | D        | Noticed Blork the orc
    30 | D        | Bought a bound crystal amulet for 45 gold pieces
    30 | D        | Identified the amulet of Kubeewnu {Faith rN+ MP+9 Int-2 Dex+4 Stlth+} (You bought it in a shop in the Dungeon)
    39 | D        | Killed Blork the orc
    39 | D        | Acquired Trog's second power
    39 | D        | Reached skill level 5 in Fighting
    39 | D        | Reached skill level 5 in Axes
    39 | D        | Gained mutation: You are partially covered in rugged brown scales (AC +1, +3% HP). [demonic ancestry]
    39 | D        | Reached XP level 2. HP: 14/27 MP: 0/2
    39 | D        | Gained mutation: You can steal the life force of nearby defeated enemies. [demonic ancestry]
    39 | D        | Reached XP level 3. HP: 17/33 MP: 0/3
    40 | D        | Found a deep blue altar of Sif Muna.
   121 | D        | HP: 2/49 [orc/club (1)]
   123 | D        | Killed from afar by an orc wizard

Action                   || total
-------------------------++-------
Melee: Hand axe          ||    14
Invok: Berserk           ||     2
       Trog's Hand       ||     1
